 Dungeon Crawl Stone Soup version 0.28.0-47-ge53b351184 (webtiles) character file.

Game seed: 13942987972715633450

1820 Allula97 the Chopper (level 8, -5/93 HPs)
             Began as a Demonspawn Berserker on Apr 28, 2022.
             Was a Priest of Trog.
             Slain by a two-headed ogre
             ... wielding a +0 giant club
              (26 damage)
             ... on level 6 of the Dungeon.
             The game lasted 00:10:12 (5983 turns).

Allula97 the Chopper (Demonspawn Berserker)         Turns: 5983, Time: 00:10:13

Health: -5/93      AC:  9    Str: 19    XL:     8   Next: 85%
Magic:  8/8        EV: 11    Int:  9    God:    Trog [***...]
Gold:   127        SH:  4    Dex: 13    Spells: 7/7 levels left

rFire   . . .      SeeInvis .   a - +0 hand axe
rCold   + . .      Faith    +   y - +0 buckler
rNeg    . . .      Spirit   .   n - +2 ring mail {rC+}
rPois   .          Reflect  .   (helmet restricted)
rElec   .          Harm     .   f - +0 cloak
rCorr   .          Rampage  .   (no gloves)
Will    ++...                   (no boots)
Stlth   ..........              j - amulet of faith
HPRegen 1.25/turn               (no ring)
MPRegen 0.11/turn               (no ring)

@: berserking, strong-willed, regenerating, studying Summonings, very quick
A: antennae 2, powered by death 1, spiny 1
a: Renounce Religion, Berserk, Trog's Hand


You were on level 6 of the Dungeon.
You worshipped Trog.
Trog was most pleased with you.
You visited 1 branch of the dungeon, and saw 6 of its levels.
You also visited: Sewer.

You collected 127 gold pieces.

Inventory:

Hand Weapons
 a - a +0 hand axe (weapon)
Missiles
 i - 2 throwing nets (quivered)
 q - 11 poisoned darts
Armour
 f - a +0 cloak (worn)
 n - a +2 ring mail of cold resistance (worn)
 y - a +0 buckler (worn)
Jewellery
 j - an amulet of faith (around neck)
Wands
 m - a wand of paralysis (13)
 v - a wand of iceblast (3)
 w - a wand of acid (6)
 B - a wand of charming (12)
Scrolls
 b - 2 scrolls of enchant weapon {unknown}
 d - 2 scrolls of brand weapon {unknown}
 e - 2 scrolls of noise {unknown}
 g - 4 scrolls of fear {unknown}
 h - a scroll of blinking {unknown}
 o - 2 scrolls of magic mapping {unknown}
 p - a scroll of fog {unknown}
 s - 3 scrolls of teleportation {unknown}
 A - a scroll of vulnerability {unknown}
Potions
 c - 2 potions of lignification
 k - 2 potions of attraction
 l - a potion of resistance
 r - a potion of invisibility
 t - a potion of cancellation {unknown}
 u - a potion of mutation {unknown}
 x - 3 potions of might {unknown}
 z - 2 potions of curing {unknown}


   Skills:
 * Level 5.1 Fighting
 * Level 6.8 Axes
 * Level 5.0 Armour
 * Level 3.7 Dodging
 + Level 2.3 Stealth
 * Level 1.8 Shields
 * Level 3.4 Evocations


You had 7 spell levels left.
You didn't know any spells.
Your spell library contained the following spells:

 Spells                   Type           Power      Damage    Failure   Level
 Shock                    Conj/Air       0%         1d3       65%         1
 Swiftness                Air            0%         N/A       95%         3
 Airstrike                Air            0%         N/A       100%        4


Dungeon Overview and Level Annotations

Branches:
Dungeon (6/15)              Sewer (visited)
 Temple: D:4-7

Altars:

Shops:
D:4 (


Innate Abilities, Weirdness & Mutations

You have a pair of antennae on your head.
You regenerate a little health from kills.
You are partially covered in sharp spines.


Message History

The sky beast is heavily wounded.
You barely miss the sky beast.
The sky beast is heavily wounded.
The sky beast flickers out of sight!
Deactivating autopickup; reactivate with Ctrl-A.
Something hits you but does no damage. x2
You closely miss something. Something hits you but does no damage.
You closely miss something. You block something's attack.
You hit something but do no damage. Something hits you but does no damage.
You hit something. Trog accepts your kill.
Reactivating autopickup.
You feel a bit more experienced.
You see here a sky beast corpse.
You sense a monster nearby.
A two-headed ogre comes into view. It is wielding two +0 giant clubs.
Found a mace.
The two-headed ogre shouts in stereo!
The two-headed ogre is struck by your spines.
The two-headed ogre closely misses you. The two-headed ogre misses you.
Your skin crawls.
You feel strong-willed.
The two-headed ogre is struck by your spines.
The two-headed ogre hits you with a +0 giant club! x2
A red film seems to cover your vision as you go berserk!
You feel yourself moving faster!
You feel mighty!
The two-headed ogre barely misses you. x2
You barely miss the two-headed ogre.
The two-headed ogre is lightly wounded.
You slash the two-headed ogre!
The two-headed ogre is moderately wounded.
The two-headed ogre barely misses you.
The two-headed ogre hits you with a +0 giant club!!
* * * LOW HITPOINT WARNING * * *
You slash the two-headed ogre!
The two-headed ogre is severely wounded.
You barely miss the two-headed ogre.
The two-headed ogre is severely wounded.
The two-headed ogre hits you with a +0 giant club!!
You die...

#########
........#
.)......#
........####
.......O@..#
#####'####.#
# #....#
#.####
#.#..#
#.#..#
#†#..#
####+#.#..#
#......#.<#


You could see a two-headed ogre.

Vanquished Creatures
  A yak (D:5)
  A sky beast (D:6)
  A black bear (D:4)
  5 ogres
  A phantom (D:4)
  A centaur (D:5)
  2 kobold brigands (Sewer)
  A scorpion (D:5)
  A centaur zombie (D:5)
  3 jellies
  An orc priest (D:3)
  A bullfrog skeleton (D:5)
  3 hounds
  A centaur skeleton (D:4)
  2 iguanas
  An orc wizard (D:3)
  8 gnolls
  15 adders
  A river rat (Sewer)
  2 adder skeletons (D:4)
  3 worms
  5 orcs
  10 endoplasms
  3 giant cockroaches
  6 goblins
  9 hobgoblins
  2 jackals (D:3)
  4 quokkas
  11 ball pythons
  10 bats
  A frilled lizard (D:2)
  12 kobolds
  17 rats
145 creatures vanquished.

Notes
Turn   | Place    | Note
-------+----------+-------------------------------------------
     0 | D:1      | Allula97 the Demonspawn Berserker began the quest for the
                  | Orb.
     0 | D:1      | Reached XP level 1. HP: 18/18 MP: 1/1
   615 | D:1      | Gained mutation: You are partially covered in sharp spines.
                  | [demonic ancestry]
   615 | D:1      | Reached XP level 2. HP: 20/24 MP: 2/2
   669 | D:1      | You fall into a shaft and drop 1 floor!
   877 | D:1      | Reached skill level 3 in Axes
  1397 | D:2      | Reached XP level 3. HP: 23/29 MP: 3/3
  1809 | D:2      | Reached ** piety under Trog
  2194 | D:3      | Found a faded altar of an unknown god.
  2246 | D:3      | Found a glowing drain.
  2270 | D:3      | Reached skill level 1 in Stealth
  2275 | D:3      | Reached XP level 4. HP: 28/35 MP: 4/4
  2283 | Sewer    | Entered a sewer
  2397 | Sewer    | Noticed a kobold brigand
  2406 | Sewer    | Killed a kobold brigand
  2407 | Sewer    | Gained mutation: You have a pair of small antennae on your
                  | head. [demonic ancestry]
  2407 | Sewer    | Reached XP level 5. HP: 42/42 MP: 5/5
  2562 | Sewer    | Reached skill level 4 in Axes
  2562 | Sewer    | Reached skill level 1 in Evocations
  2770 | Sewer    | Gained mutation: You have a pair of antennae on your head.
                  | [demonic ancestry]
  2770 | Sewer    | Reached XP level 6. HP: 40/48 MP: 6/6
  3720 | D:3      | Reached *** piety under Trog
  4325 | D:4      | Gained mutation: You regenerate a little health from kills.
                  | [demonic ancestry]
  4325 | D:4      | Reached XP level 7. HP: 28/54 MP: 7/7
  4602 | D:4      | Found Igoggyot's Weapon Boutique.
  4792 | D:4      | Reached skill level 5 in Axes
  4819 | D:4      | Reached **** piety under Trog
  4979 | D:5      | Entered Level 5 of the Dungeon
  4990 | D:5      | Reached skill level 1 in Shields
  4990 | D:5      | Reached XP level 8. HP: 59/61 MP: 8/8
  5221 | D:5      | Reached skill level 6 in Axes
  5775 | D:5      | Reached skill level 5 in Fighting
  5775 | D:5      | Reached skill level 5 in Armour
  5974 | D:6      | Noticed a two-headed ogre
  5983 | D:6      | Slain by a two-headed ogre

Illustrated notes

Levels and vault maps discovered:
D:1:      zaba_arrival_water, layout_basic, grunt_decor_one_mirror
D:2:      layout_basic, minmay_cut_off
D:3:      layout_loops_corners, gup_sewer_entry_glass,
          ebering_ecumenical_altar_sacrificial
D:4:      minmay_octagon_keep, layout_basic, serial_shops, shop, st_stairs_2,
          roderic_batcave
D:5:      layout_rooms, minmay_manual_mess
D:6:      cheibrodos_thug_alley, layout_basic, temple_statues,
          uniq_prince_ribbit1

Skill      XL: |  1  2  3  4  5  6  7  8 |
---------------+-------------------------+-----
Armour         | 2 3 4 5 |  5.0
Axes           | 3 4 5 6 |  6.8
Dodging        | 2 3 |  3.7
Stealth        | 1 2 |  2.3
Evocations     | 1 2 3 |  3.4
Fighting       | 4 5 |  5.1
Shields        | 1 |  1.8

Action                   |  1- 3 |  4- 6 |  7- 9 || total
-------------------------+-------+-------+-------++-------
Melee: Hand axe          |    98 |   165 |   131 ||   394
       Punch             |       |     6 |       ||     6
Invok: Trog's Hand       |     1 |     4 |     5 ||    10
       Berserk           |       |     2 |     3 ||     5
  Use: Scroll            |       |     5 |       ||     5
 Stab: Sleeping          |       |       |     1 ||     1
Armor: Animal skin       |     6 |       |       ||     6
       Chain mail        |    28 |       |       ||    28
       Ring mail         |     8 |    56 |    52 ||   116
Dodge: Dodged            |    37 |    91 |   101 ||   229
Block: Buckler           |       |       |    25 ||    25
